 Dungeon Crawl Stone Soup version 0.22.1-2-g9c5b331383 (webtiles) character file.

153 H0rd4k the Charlatan (level 5, -14/38 HPs)
             Began as a Human Artificer on Nov 27, 2018.
             Demolished by an ogre
             ... wielding a cursed -3 giant club
              (28 damage)
             ... on level 3 of the Dungeon.
             The game lasted 00:04:39 (3022 turns).

H0rd4k the Charlatan (Human Artificer)              Turns: 3022, Time: 00:04:40

Health: -14/38     AC:  3    Str: 12    XL:     5   Next: 61%
Magic:  7/7        EV: 12    Int: 13    God:
Gold:   38         SH:  0    Dex: 13    Spells: 4/4 levels left

rFire    . . .     SeeInvis .   a - +0 short sword
rCold    . . .     Gourm    .   (no shield)
rNeg     . . .     Faith    .   b - +0 leather armour
rPois    .         Spirit   .   (no helmet)
rElec    .         Reflect  .   (no cloak)
rCorr    .         Harm     .   (no gloves)
MR       .....                  (no boots)
Stlth    ++........             (no amulet)
HPRegen  0.12/turn              (no ring)
MPRegen  0.10/turn              (no ring)

@: no status effects
A: no striking features
a: no special abilities


You were on level 3 of the Dungeon.
You were hungry.

You visited 1 branch of the dungeon, and saw 4 of its levels.

You collected 38 gold pieces.

Inventory:

Hand Weapons
 a - a +0 short sword (weapon)
Missiles
 i - 29 arrows
 r - 7 poisoned tomahawks (quivered)
 v - 6 javelins
Armour
 b - a +0 leather armour (worn)
 o - a +0 pair of boots
Jewellery
 j - an uncursed ring of flight {unknown}
 y - a +4 ring of strength {unknown}
Wands
 c - a wand of flame (7)
 d - a wand of enslavement (15)
 e - a wand of random effects (11)
Scrolls
 g - 4 scrolls of identify {unknown}
 h - a scroll of teleportation {unknown}
 k - a scroll of magic mapping {unknown}
 l - 3 scrolls of remove curse {unknown}
 n - a scroll of blinking {unknown}
 s - 3 scrolls of noise {unknown}
 t - a scroll of amnesia {unknown}
 w - a scroll of enchant armour {unknown}
Potions
 m - a potion of brilliance {unknown}
 p - a potion of curing {unknown}
 q - a potion of berserk rage {unknown}
 u - a potion of heal wounds {unknown}
 x - a potion of might {unknown}
Comestibles
 f - 3 rations


   Skills:
 + Level 1.8 Fighting
 + Level 2.3 Short Blades
 + Level 2.0 Armour
 + Level 2.7 Dodging
 + Level 1.9 Stealth
 + Level 3.6 Evocations


You had 4 spell levels left.
You didn't know any spells.
Your spell library was empty.

Dungeon Overview and Level Annotations

Branches:
Dungeon (4/15)
 Temple: D:4-7

Altars:
Ashenzari
Hepliaklqana
Nemelex Xobeh
Trog

Annotations:
D:1 exclusion: downstairs


Message History

A gnoll comes into view. It is wielding a club.
The gnoll shouts!
You hear a shout! x2
A worker ant and a gnoll shaman come into view.
The gnoll shaman shouts!
A gnoll comes into view. It is wielding a spear.
The worker ant moves out of view.
Found a sparkling altar of Nemelex Xobeh.
Found a bloodstained altar of Trog and a shattered altar of Ashenzari.
Found a robe.
You see here a sapphire potion.
The gnoll barely misses you.
There is a stone staircase leading up here.
The orc barely misses you.
You climb upwards.
You hear the sound of rushing water.
There is an entrance to a sewer on this level.
Hurry and find it before the You hear the brisk rusting of a very distant drain.
The ogre hits you with a giant club!!
Ouch! That really hurt!
You die...

#..........#.....# #........#
#..######........# #..#####.#
#..# #..###.#.# #..#####.#
#..######..###.#.# #.....##.#
#......##........# ##.##.##.#
##.###.##.####+### #<##.##.#
#.# #.##.###...## #.......#
#.###.##.##...o.## ####.####
#...)....#..O@...## ##..#
#####....###.........####...##
...........'.........'.......#
.####....###.........####...##
.# ###....###.......## ##..#
.# #......####.....## ##.# .#
#.#............## #.#
.###.#.###.#####..# #.#
.......# #.# #..# #.#


You could see an ogre and an orc.

Vanquished Creatures
  A scorpion (D:4)
  A worker ant (D:4)
  2 adders
  2 worms (D:2)
  2 dart slugs
  A leopard gecko (D:2)
  4 bats
  7 goblins
  8 hobgoblins
  6 jackals
  A quokka (D:2)
  6 frilled lizards
  6 kobolds
  4 rats
51 creatures vanquished.

Notes
Turn   | Place    | Note
-------+----------+-------------------------------------------
     0 | D:1      | H0rd4k the Human Artificer began the quest for the Orb.
     0 | D:1      | Reached XP level 1. HP: 15/15 MP: 3/3
   213 | D:1      | Reached XP level 2. HP: 12/21 MP: 4/4
   932 | D:1      | Reached XP level 3. HP: 8/26 MP: 5/5
  1324 | D:2      | Reached skill level 1 in Armour
  1676 | D:2      | Reached XP level 4. HP: 32/32 MP: 6/6
  2828 | D:3      | Noticed an ogre
  2903 | D:4      | Reached XP level 5. HP: 16/37 MP: 7/7
  2914 | D:4      | Noticed a slave
  2977 | D:4      | Found a hazy altar of Hepliaklqana.
  2979 | D:4      | Found a sparkling altar of Nemelex Xobeh.
  2980 | D:4      | Found a bloodstained altar of Trog.
  2980 | D:4      | Found a shattered altar of Ashenzari.
  3022 | D:3      | Demolished by an ogre

Skill      XL: |  1  2  3  4  5 |
---------------+----------------+-----
Armour         | 1 2 |  2.0
Short Blades   | 2 |  2.3
Fighting       | |  1.8
Dodging        | |  2.7
Stealth        | |  1.9
Evocations     | |  3.6

Action                   |  1- 3 |  4- 6 || total
-------------------------+-------+-------++-------
Melee: Short sword       |   119 |    78 ||   197
Evoke: Wand              |     4 |     8 ||    12
 Stab: Sleeping          |     4 |     1 ||     5
  Eat: Chunk             |     2 |     4 ||     6
Armor: Leather armour    |    26 |    14 ||    40
Dodge: Dodged            |    69 |    33 ||   102
